 Dungeon Sprint DCSS version 0.30-a0-55-g90e3122c3a (webtiles) character file.

Game seed: 164719702123140276

5814 Conn the Arsonist (level 10, 0/90 HPs)
             Began as an Octopode Fire Elementalist on Sept 9, 2022.
             Was a High Priest of Sif Muna.
             Killed by an exploding sphinx (23 damage)
             ... ignited by their inner flame
             ... in the Dungeon (Sprint II: "The Violet Keep of Menkaure").
             The game lasted 00:30:05 (1964 turns).

Conn the Arsonist (Octopode Fire Elementalist)      Turns: 1964, Time: 00:30:05

Health: 0/90       AC: 29    Str: 13    XL:     10   Next: 79%
Magic:  10/25      EV:  2    Int: 26    God:    Sif Muna [*****.]
Gold:   270        SH:  0    Dex: 11    Spells: 2/32 levels left

rFire   + . .      SeeInvis .    k - +1 short sword (drain)
rCold   . . .      Faith    .    (no shield)
rNeg    . . .      Spirit   .    (helmet currently unavailable)
rPois   +          Reflect  .    g - amulet of magic regeneration
rElec   .          Harm     .    u - +6 ring of intelligence
rCorr   .          Rampage  .    h - ring of protection from cold
Will    .....      NoTele   +    l - ring of fire
Stlth   ++++......               n - +4 ring of protection
HPRegen 0.25/turn                (no ring)
MPRegen 0.59/turn                (no ring)
                                 (no ring)
                                 (no ring)

@: tree-form, very slow
A: stationary, stasis, torment immunity, boosted hp, almost no armour,
(amphibious), 8 rings, (camouflage 1), (gelatinous body 1), (nimble swimmer 1),
(tentacles), strong 1, MP-powered wands
a: Renounce Religion, Channel Magic, Forget Spell, Divine Exegesis


You were in the Dungeon.
You worshipped Sif Muna.
Sif Muna was extremely pleased with you.
You were a tree.
You visited 1 branch You collected 2137 gold pieces.
You spent 1867 gold pieces at shops.

Inventory:

Hand Weapons
 k - a +1 short sword of draining (weapon)
Armour
 e - the +0 hat "Tudiutzi" (melded) {rF++}
   (You bought it in a shop in the Dungeon)

   rF:        It greatly protects you from fire.
Jewellery
 g - an amulet of magic regeneration (around neck)
 h - a ring of protection from cold (right branch)
 l - a ring of fire (on tentacle)
 n - a +4 ring of protection (on tentacle)
 u - a +6 ring of intelligence (left branch)
Wands
 o - a wand of charming (8)
 q - a wand of iceblast (4)
Scrolls
 m - a scroll of immolation
Potions
 a - 5 potions of magic
 b - a potion of heal wounds
 c - a potion of curing
 d - 3 potions of resistance
 i - a potion of ambrosia
 j - a potion of lignification
 p - a potion of degeneration {unknown}
 r - 3 potions of flight
 s - a potion of attraction {unknown}


   Skills:
 + Level 1.8 Fighting
 + Level 3.9 Short Blades
 + Level 6.9 Dodging
 + Level 9.9 Stealth
 - Level 4.5 Unarmed Combat
 + Level 11.9 Spellcasting
 * Level 8.7 Conjurations
 + Level 3.3 Hexes
 + Level 14.6 Fire Magic
 * Level 2.4 Earth Magic
 * Level 8.2 Invocations


You had 2 spell levels left.
You knew the following spells:

 Your Spells              Type           Power      Damage    Failure   Level
a - Foxfire               Conj/Fire      100%       2x1d9     1%          1
b - Conjure Flame         Conj/Fire      85%        6-21      1%          3
c - Inner Flame           Hex/Fire       75%        N/A       1%          3
d - Flame Wave            Conj/Fire      85%        2d18      1%          4
e - Scorch                Fire           100%       2d10      0%          2
f - Sticky Flame          Conj/Fire      85%        2d10      1%          4
g - Static Discharge      Conj/Air       76%        3-8/arc   1%          2
h - Iskenderun's Battles  Conj           57%        2d11      2%          5
i - Iron Shot             Conj/Erth      22%        9d5       50%         6

Your spell library contained the following spells:

 Spells                   Type           Power      Damage    Failure   Level
 Dazzling Flash           Conj/Hex       92%        N/A       1%          3
 Dispel Undead            Necr           15%        3d10      36%         4
 Silence                  Hex/Air        12%        N/A       47%         5
 Agony                    Necr           15%        N/A       71%         5
 Spellforged Servitor     Conj/Summ      19%        N/A       99%         7


Dungeon Overview and Level Annotations

Branches:
Dungeon (1/1)

Altars:
Cheibriados
Dithmenos
Elyvilon
Fedhas
Gozag
Hepliaklqana
Kikubaaqudgha
Makhleb
Nemelex Xobeh
Okawaru
Qazlal
Ru
Sif Muna
Trog
Uskayaw
Vehumet
Wu Jian
Xom
Yredelemnul
Zin
The Shining One
Jiyva
Lugonu

Shops:
D (:=(*?[(:!!!*=[:

Annotations:
D exclusions: obsidian statue and oklob plant


Innate Abilities, Weirdness & Mutations

You are a tree.
Your roots penetrate the ground, keeping you stationary.
You cannot be teleported.
You are immune to unholy pain and torment.
Your maximum health is greatly increased.
You cannot wear most types of armour.
((You are amphibious.))
You can wear up to eight rings at the same time.
((Your skin changes colour to match your surroundings (Stealth+).))
((Your rubbery body absorbs attacks. (AC +1, EV +1)))
((You are camouflaged when in or above water. (Stealth+)))
((You have tentacles for arms and can constrict up to eight enemies at once.))
Your muscles are strong. (Str +4, Int/Dex -1)
You expend magic power (3 MP) to strengthen your wands.


Message History

The sphinx is severely wounded.
The sphinx is no longer more vulnerable to fire.
Your battlesphere fires!
The barrage of energy hits the sphinx.
Flame seeps out of the sphinx.
The sphinx is heavily wounded.
The sphinx is engulfed in a cloud of scalding steam.
Flame seeps out of the sphinx.
The sphinx hits you.
* * * LOW HITPOINT WARNING * * *
The sphinx hits you but does no damage. x2
The sphinx is engulfed in a cloud of scalding steam.
A wave of flame ripples out!
The flame wave engulfs the sphinx!!
Flame seeps out of the sphinx.
The sphinx is almost dead.
The flame wave engulfs the sphinx!
The sphinx is burned terribly!
You kill the sphinx!
Sif Muna accepts your kill.
You see here Sif Muna's Atlas of Blistering Transmigration {god gift}.
Sif Muna grants you a gift!
You finish channelling waves of flame.
Your battlesphere fires!
The barrage of energy hits the sphinx!
Flame seeps out of the sphinx.
The sphinx is almost dead.
The sphinx is engulfed in a cloud of scalding steam.
Flame seeps out of the sphinx.
The sphinx hits you but does no damage. x3
Your Earth Magic skill gained 2 levels and is now at level 2!
Your Invocations skill increases to level 8!
Okay, then.
Unknown command.
Unknown command.
Casting: Flame Wave (safe; 1% risk of failure)
Confirm with . or Enter, or press ? or * to list all spells.
Casting: Flame Wave (safe; 1% risk of failure)
Press: ? - help, Dir - look around, f - activate You feel a surge of power!
A wave of flame ripples out!
The flame wave engulfs the sphinx!!
Sif Muna accepts your kill. (Press . to intensify the flame waves.)
The sphinx explodes!
The fiery explosion engulfs you!! You resist.
You die...

#,,#.^#..#▓(..[....▓▓,⌠,*,*,*~,,~
####..##.#▓(.(..((.▓▓,,,*,*,*~,,~
..###...##▓▓▓▓▓▓▓'▓▓▓▓+▓*,***~,,~
.§..~~)~~~~~~~~~~...≈≈≈▓,,,,,,,,*
....~#'########÷###.≈≈≈▓,,,,,,,**
~~..~#.._._._.#§~~##≈≈≈▓,,,,,,**
~~~.~#._._._..#§§§§####▓▓**▓~**
~~~~~#_._._._.#*§§§§##..#,$▓~*
≈≈~~~#._._._._#§♣§§≈≈#..#$.▓~*
≈§≈≈~#.._._._.#§§§§~≈'..HH$▓~*
###≈§#..._._._#§§§§≈~#..#$.▓~*
#,#≈≈#...._._.#~~≈§§≈▓..#,$▓~*
#+#≈§#....._._#~§≈≈▓▓▓▓▓▓**▓~*
≈≈§§≈##########~≈§≈▓...≈≈~~~~*
######~~~~~~~~~≈≈§≈▓.z.≈≈~~~~*
.~~###~########≈▓▓▓▓▓▓▓▓▓~~~~*
~.~~##~*,,,,,,#▓▓,,,,,,,**~~~*


You could see a friendly battlesphere.

Vanquished Creatures
  A kraken (D)
  2 sphinxes (D)
  2 deep trolls (D)
  A merfolk siren (D)
  A yaktaur (D)
  3 polar bears (D)
  A hornet (D)
  Menkaure (D)
  4 water moccasins (D)
  4 necrophages (D)
  5 scorpions (D)
  9 electric eels (D)
  3 worms (D)
37 creatures vanquished.

Vanquished Creatures (others)
  90 foxfires (D)
  36 tentacles (D)
126 creatures vanquished.

Grand Total: 163 creatures vanquished

Notes
Turn   | Place    | Note
-------+----------+-------------------------------------------
     0 | D        | Conn the Octopode Fire Elementalist began the quest for the
                  | Orb.
     0 | D        | Reached XP level 1. HP: 11/11 MP: 3/3
    24 | D        | Reached skill level 4 in Fire Magic
    24 | D        | Reached XP level 2. HP: 17/17 MP: 0/5
    32 | D        | Learned a level 2 spell: Scorch
    35 | D        | Noticed a water moccasin
    44 | D        | Killed a water moccasin
    45 | D        | Reached skill level 1 in Unarmed Combat
    45 | D        | Reached skill level 5 in Fire Magic
    45 | D        | Reached XP level 3. HP: 10/21 MP: 0/7
    46 | D        | Found a hazy altar of Hepliaklqana.
    46 | D        | Found a snail-covered altar of Cheibriados.
    47 | D        | Found a viscous altar of Jiyva.
    47 | D        | Found a shadowy altar of Dithmenos.
    47 | D        | Found a stormy altar of Qazlal.
    49 | D        | Found a sacrificial altar of Ru.
    49 | D        | Found an ancient bone altar of Kikubaaqudgha.
    49 | D        | Found a white marble altar of Elyvilon.
    50 | D        | Found an ornate altar of the Wu Jian Council.
    50 | D        | Found a shimmering blue altar of Sif Muna.
    50 | D        | Found a corrupted altar of Lugonu.
    51 | D        | Found a shimmering altar of Xom.
    51 | D        | Found a bloodstained altar of Trog.
    51 | D        | Found a burning altar of Makhleb.
    52 | D        | Found a glowing golden altar of the Shining One.
    52 | D        | Found a basalt altar of Yredelemnul.
    52 | D        | Found a hide-covered altar of Uskayaw.
    54 | D        | Found a glowing silver altar of Zin.
    54 | D        | Found a radiant altar of Vehumet.
    54 | D        | Found a blossoming altar of Fedhas.
    54 | D        | Found a sparkling altar of Nemelex Xobeh.
    55 | D        | Found an opulent altar of Gozag.
    55 | D        | Found an iron altar of Okawaru.
    57 | D        | Noticed a water moccasin
    58 | D        | Noticed a water moccasin
    59 | D        | Became a worshipper of Sif Muna the Loreminder
    65 | D        | Learned a level 3 spell: Conjure Flame
    74 | D        | Noticed a water moccasin
    75 | D        | Noticed a kraken
   319 | D        | Identified a scroll of acquirement
   322 | D        | Acquired 715 gold pieces
   349 | D        | Gained mutation: You expend magic power (3 MP) to
                  | strengthen your wands. [potion of mutation]
   349 | D        | Gained mutation: Your muscles are strong. (Str +4, Int/Dex
                  | -1) [potion of mutation]
   364 | D        | Noticed a yaktaur
   364 | D        | Noticed a hornet
   364 | D        | Noticed a polar bear
   396 | D        | Noticed a scorpion
   396 | D        | Noticed a scorpion
   396 | D        | Noticed a scorpion
   396 | D        | Noticed a scorpion
   400 | D        | Killed a scorpion
   401 | D        | Reached skill level 6 in Fire Magic
   401 | D        | Reached XP level 4. HP: 23/27 MP: 8/10
   404 | D        | Killed a scorpion
   404 | D        | Reached * piety under Sif Muna
   405 | D        | Reached skill level 1 in Short Blades
   405 | D        | Reached skill level 5 in Stealth
   405 | D        | Reached skill level 7 in Fire Magic
   405 | D        | Reached XP level 5. HP: 19/31 MP: 9/12
   406 | D        | Reached skill level 5 in Spellcasting
   406 | D        | Reached skill level 8 in Fire Magic
   408 | D        | Reached XP level 6. HP: 23/36 MP: 9/14
   413 | D        | Noticed an ice statue
   415 | D        | Noticed Menkaure
   418 | D        | Killed Menkaure
   419 | D        | Reached skill level 5 in Dodging
   419 | D        | Reached skill level 9 in Fire Magic
   422 | D        | Found Besu's Jewellery Boutique.
   422 | D        | Found Xusel's Antique Armour Shop.
   423 | D        | Found Linaucini's Distillery.
   423 | D        | Found Illerol's Assorted Antiques.
   424 | D        | Found Ledielext's Book Shop.
   424 | D        | Found Xyim's Distillery.
   424 | D        | Found Kushroech's Weapon Boutique.
   424 | D        | Found Hellaor's Distillery.
   425 | D        | Found Husun's Antique Armour Boutique.
   425 | D        | Found Wilaskej's Magic Scroll Boutique.
   425 | D        | Found Gikhlor's Assorted Antiques.
   436 | D        | Found Laukh's Antique Weapon Boutique.
   436 | D        | Found Cocsud Tixte's Jewellery Shop.
   436 | D        | Noticed an oklob plant
   437 | D        | Found Banuklekh's Book Shoppe.
   437 | D        | Found Duamycux's Antique Weapon Boutique.
   442 | D        | Learned a level 3 spell: Inner Flame
   447 | D        | Learned a level 4 spell: Flame Wave
   447 | D        | Noticed a polar bear
   449 | D        | Bought a masterwork hat for 243 gold pieces
   449 | D        | Identified the +0 hat "Tudiutzi" {rF++} (You bought it in a
                  | shop in the Dungeon)
   455 | D        | Noticed a water moccasin
   456 | D        | Noticed a water moccasin
   456 | D        | Noticed a polar bear
   458 | D        | Noticed a water moccasin
   477 | D        | Bought a thin emerald amulet for 155 gold pieces
   497 | D        | Bought a ring of protection from cold for 275 gold pieces
   497 | D        | Bought a ring of fire for 275 gold pieces
   497 | D        | Bought a +4 ring of protection for 396 gold pieces
   512 | D        | Reached ** piety under Sif Muna
   513 | D        | Reached skill level 10 in Fire Magic
   513 | D        | Reached XP level 7. HP: 26/41 MP: 12/16
   535 | D        | Noticed a polar bear
   535 | D        | Noticed a polar bear
   541 | D        | Killed a polar bear
   546 | D        | Killed a polar bear
   547 | D        | Reached skill level 1 in Hexes
   547 | D        | Reached skill level 11 in Fire Magic
   547 | D        | Reached XP level 8. HP: 6/46 MP: 4/19
   549 | D        | Killed a hornet
   549 | D        | Killed a polar bear
   549 | D        | Reached *** piety under Sif Muna
   553 | D        | Killed a yaktaur
   554 | D        | Reached skill level 12 in Fire Magic
   561 | D        | Noticed a flying skull
   561 | D        | Noticed a flying skull
   858 | D        | Reached **** piety under Sif Muna
   863 | D        | Reached XP level 9. HP: 31/52 MP: 13/22
  1145 | D        | Noticed a merfolk siren
  1150 | D        | Killed a merfolk siren
  1151 | D        | Reached skill level 5 in Conjurations
  1167 | D        | Reached ***** piety under Sif Muna
  1167 | D        | Received a gift from Sif Muna
  1179 | D        | Learned a level 4 spell: Sticky Flame
  1206 | D        | Reached skill level 10 in Spellcasting
  1206 | D        | Reached skill level 13 in Fire Magic
  1214 | D        | Learned a level 2 spell: Static Discharge
  1223 | D        | Noticed an obsidian statue
  1230 | D        | Found Tamoz's Book Boutique.
  1351 | D        | Killed a kraken
  1352 | D        | Reached XP level 10. HP: 32/57 MP: 14/24
  1489 | D        | Received a gift from Sif Muna
  1497 | D        | Learned a level 5 spell: Iskenderun's Battlesphere
  1663 | D        | Reached skill level 1 in Fighting
  1716 | D        | Noticed a deep troll
  1716 | D        | Noticed a deep troll
  1763 | D        | Killed a deep troll
  1763 | D        | Killed a deep troll
  1764 | D        | Reached skill level 14 in Fire Magic
  1874 | D        | Bought a potion of lignification for 39 gold pieces
  1874 | D        | Bought a potion of heal wounds for 65 gold pieces
  1874 | D        | Bought a potion of curing for 39 gold pieces
  1878 | D        | Bought a potion of heal wounds for 50 gold pieces
  1883 | D        | Bought a scroll of blinking for 90 gold pieces
  1883 | D        | Bought a scroll of immolation for 48 gold pieces
  1887 | D        | Bought a bronze wand for 96 gold pieces
  1887 | D        | Bought a forked glass wand for 96 gold pieces
  1946 | D        | Learned a level 6 spell: Iron Shot
  1949 | D        | Noticed a sphinx
  1949 | D        | Noticed a sphinx
  1949 | D        | Paralysed by a sphinx for 4 turns
  1963 | D        | Killed a sphinx
  1963 | D        | Received a gift from Sif Muna
  1964 | D        | Killed a sphinx
  1964 | D        | Killed by an exploding sphinx... ignited by their inner
                  | flame

Illustrated notes

Levels and vault maps discovered:
D:        the_violet_keep_of_menkaure [sprint2_stairs_cluster_1,
          sprint2_shoproom, sprint2_temple, sprint2_basic_supplies,
          sprint2_obstacle_7, sprint2_obstacle_6, sprint2_obstacle_2,
          sprint2_obstacle_3, sprint2_obstacle_1, sprint2_timed_cluster_1,
          sprint2_smallroom_cluster_1, sprint2_smallroom_final_cluster_1,
          sprint2_transparent_cluster_1, sprint2_second_timed_cluster_1,
          sprint2_sniper_area_1, sprint2_heavy_combat_area_1,
          sprint2_mutation_trap_area_1, sprint2_forest_area_1,
          sprint2_light_combat_area_1, sprint2_behind_water_1,
          sprint2_near_end_vault_1]

Skill      XL: |  1  2  3  4  5  6  7  8  9 10 |
---------------+-------------------------------+-----
Stealth        | 3 4 5 6 7 8 9 |  9.9
Fire Magic     | 4 5 6 7 8 10 11 12 13 14 | 14.6
Unarmed Combat | 1 2 3 4 |  4.5
Spellcasting   | 3 4 5 6 7 9 10 11 | 11.9
Dodging        | 3 4 5 6 |  6.9
Short Blades   | 1 2 3 |  3.9
Conjurations   | 2 3 4 7 8 |  8.7
Hexes          | 1 2 3 |  3.3
Invocations    | 2 6 8 |  8.2
Fighting       | 1 |  1.8
Earth Magic    | 2 |  2.4

Action                   |  1- 3 |  4- 6 |  7- 9 | 10-12 || total
-------------------------+-------+-------+-------+-------++-------
Melee: Unarmed           |    12 |       |       |       ||    12
       Tentacles         |     5 |     3 |       |       ||     8
       Constrict         |     5 |     1 |       |       ||     6
       Short sword       |     6 |     7 |       |       ||    13
       Punch             |       |     1 |       |       ||     1
 Cast: Foxfire           |     4 |       |    49 |     9 ||    62
       Scorch            |       |     5 |    23 |    11 ||    39
       Inner Flame       |       |       |     7 |     3 ||    10
       Conjure Flame     |       |       |     2 |     3 ||     5
       Flame Wave        |       |       |     1 |     3 ||     4
       Sticky Flame      |       |       |     2 |       ||     2
       Iskenderun's Batt |       |       |       |     2 ||     2
  Use: Potion            |     6 |       |     4 |     2 ||    12
       Scroll            |    10 |       |     3 |     2 ||    15
 Stab: Sleeping          |     1 |       |       |       ||     1
Armor: Skin              |       |       |     1 |     5 ||     6
Dodge: Dodged            |     5 |     3 |    12 |     5 ||    25

Table legend: (Time is in decaauts)
 A = Elapsed time spent in this place.
 B = Non-inter-level travel time spent in this place.
 C = Inter-level travel time spent in this place.
 D = Time resting spent in this place.
 E = Time spent auto-exploring this place.
 F = Levels seen in this place.
 G = Mean time per level.
                   A        B        C        D        E       F      G
               +--------+--------+--------+--------+--------+-----+--------+
         Total |   1959 |   1959 |      0 |    908 |      0 |   1 | 1959.0 |
       Dungeon |   1959 |   1959 |      0 |    908 |      0 |   1 | 1959.0 |
               +--------+--------+--------+--------+--------+-----+--------+

Top non-repeatable levels by time:
       D: 1959 daAuts
